 Dungeon Crawl Stone Soup version 0.31-a0-236-g9a0961fb85 (webtiles) character file.

Game seed: 8218744978928440991

1162 pokeman the Thaumaturge (level 8, -2/44 HPs)
             Began as a Deep Elf Hedge Wizard on July 9, 2023.
             Slain by a water moccasin (4 damage)
             ... on level 5 of the Dungeon on July 10, 2023.
             The game lasted 00:11:49 (5906 turns).

pokeman the Thaumaturge (Deep Elf Hedge Wizard)     Turns: 5906, Time: 00:11:50

Health: -2/44      AC:  2    Str:  7    XL:     8   Next: 17%
Magic:  15/23      EV: 13    Int: 22    God:
Gold:   266        SH:  0    Dex: 14    Spells: 17/25 levels left

rFire   + . .        D - +4 long sword of Ignis's Generosity {venom, rCorr}
rCold   . . .        (no shield)
rNeg    . . .        b - +0 robe
rPois   .            c - +0 hat
rElec   .            (no cloak)
rCorr   +            (no gloves)
SInv    .            (no boots)
Will    +....        x - amulet of the acrobat
Stlth   ++           m - ring of willpower
HPRegen 0.27/turn    s - ring of protection from fire
MPRegen 0.18/turn

%: acrobat
@: lethally poisoned (-2 -> -20)
A: no striking features
a: no special abilities


You were on level 5 of the Dungeon.
You visited 1 branch of the dungeon, and saw 6 of its levels.
You also visited: Ossuary.

You collected 266 gold pieces.

Inventory:

Hand Weapons
 D - the +4 long sword of Ignis's Generosity (weapon) {venom, rCorr}
   (You found it on level 5 of the Dungeon)

   rCorr:     It protects you from acid and corrosion.
Armour
 b - a +0 robe (worn)
 c - a +0 hat (worn)
Magical Staves
 n - a staff of cold
Jewellery
 m - a ring of willpower (left hand)
 p - a +6 ring of dexterity
 s - a ring of protection from fire (right hand)
 x - an amulet of the acrobat (around neck)
Scrolls
 a - 6 scrolls of teleportation {unknown}
 e - 9 scrolls of identify {unknown}
 g - 2 scrolls of immolation {unknown}
 h - 3 scrolls of amnesia {unknown}
 u - a scroll of fog {unknown}
 v - 2 scrolls of vulnerability {unknown}
 w - 4 scrolls of acquirement {unknown}
 y - 2 scrolls of noise {unknown}
 B - a scroll of enchant weapon {unknown}
 C - a scroll of revelation {unknown}
Potions
 d - 2 potions of magic
 f - 2 potions of degeneration {unknown}
 i - 4 potions of curing {unknown}
 j - 2 potions of brilliance {unknown}
 k - a potion of attraction {unknown}
 l - a potion of invisibility {unknown}
 o - 4 potions of heal wounds {unknown}
 q - 3 potions of haste {unknown}
 r - 4 potions of mutation {unknown}
 t - 4 potions of enlightenment {unknown}
 z - a potion of lignification {unknown}
 A - 2 potions of ambrosia {unknown}


   Skills:
 - Level 2.0 Fighting
 + Level 1.9 Armour
 - Level 3.0 Dodging
 - Level 3.0 Stealth
 * Level 9.2 Spellcasting
 + Level 4.7 Conjurations
 - Level 1.1 Summonings
 - Level 1.1 Translocations
 + Level 3.4 Ice Magic
 - Level 1.1 Air Magic
 - Level 1.0 Poison Magic
 - Level 1.0 Evocations


You had 17 spell levels left.
You knew the following spells:

 Your Spells              Type           Power      Damage    Failure   Level
a - Magic Dart            Conj           100%       1d8       1%          1
b - Mephitic Cloud        Conj/Pois/Air  20%        N/A       8%          3
c - Call Imp              Summ           30%        N/A       6%          2
d - Blink                 Tloc           30%        N/A       6%          2

Your spell library contained the following spells:

 Spells                   Type           Power      Damage    Failure   Level
 Apportation              Tloc           30%        N/A       4%          1
 Ozocubu's Armour         Ice            25%        N/A       4%          3
 Slow                     Hex            40%        N/A       7%          1
 Cigotuvi's Dreadful Rot  Necr/Pois/Air  26%        N/A       8%          2
 Metabolic Englaciation   Hex/Ice        8%         N/A       65%         5
 Alistair's Intoxication  Tmut/Pois      8%         N/A       82%         5
 Simulacrum               Ice/Necr       8%         N/A       99%         6


Dungeon Overview and Level Annotations

Branches:
Dungeon (6/15)            Ossuary (visited)
 Temple: D:4-7

Altars:
Fedhas
Gozag
Qazlal
Ru
The Shining One

Annotations:
D:5 Vampire?


Message History

Casting: Blink (safe; 6% risk of failure)
Confirm with . or Enter, or press ? or * to list all spells.
Aiming: Magic Dart (safe; 1% risk of failure)
Press: ? - help, Shift-Dir - straight line, f/p - water moccasin
Aim: a water moccasin (severely wounded, 100% to hit)
The magic dart hits the water moccasin.
The water moccasin is severely wounded.
You feel very sick.
Unknown command.
Casting: Magic Dart (safe; 1% risk of failure)
Confirm with . or Enter, or press ? or * to list all spells.
Aiming: Magic Dart (safe; 1% risk of failure)
Press: ? - help, Shift-Dir - straight line, f/p - water moccasin
Aim: a water moccasin (severely wounded, 100% to hit)
The magic dart hits the water moccasin.
The water moccasin is severely wounded.
You feel sick.
The water moccasin completely misses you.
Casting: Magic Dart (safe; 1% risk of failure)
Confirm with . or Enter, or press ? or * to list all spells.
Aiming: Magic Dart (safe; 1% risk of failure)
Press: ? - help, Shift-Dir - straight line, f/p - water moccasin
Aim: a water moccasin (severely wounded, 100% to hit)
The magic dart hits the water moccasin.
The water moccasin is almost dead.
You feel stable enough to blink again.
You feel sick. The water moccasin bites you.
* * * LOW HITPOINT WARNING * * *
Casting: Magic Dart (safe; 1% risk of failure)
Confirm with . or Enter, or press ? or * to list all spells.
Aiming: Magic Dart (safe; 1% risk of failure)
Press: ? - help, Shift-Dir - straight line, f/p - water moccasin
Aim: a water moccasin (almost dead, 100% to hit)
The magic dart hits the water moccasin.
The water moccasin is almost dead.
You feel sick. The water moccasin bites you!
* * * LOW HITPOINT WARNING * * *
You are more poisoned.
The water moccasin poisons you! The water moccasin bites you.
You die...

######## # #......### #
#........#### ##
###########...##....# #.
#.......###...##.'######
...............#.#...#..
.......@S......#.#...#..
....##.........###......
######.........# ###._.#
...>......>..###......
...##+#####'###.#...#..
.. #......#...#.. #
#......'######
#..........#..
#......#...#..


You could see a water moccasin.

Vanquished Creatures
  2 black bears (D:4)
  An ogre (D:5)
  An elf zombie (D:4)
  An elf skeleton (D:4)
  A scorpion (D:5)
  4 water moccasin zombies (Ossuary)
  A howler monkey (D:4)
  A human zombie (D:4)
  A jelly (D:5)
  An orc priest (D:5)
  2 iguanas
  3 orc wizards
  A mummy (Ossuary)
  7 adders
  8 adder zombies (Ossuary)
  3 worms (D:2)
  6 dart slugs
  6 orcs
  9 endoplasms
  7 giant cockroaches
  5 goblins
  A hobgoblin (D:2)
  5 jackals (D:1)
  4 kobolds
  2 quokkas
  12 ball pythons
  8 bats
  A frilled lizard (D:2)
  A gnoll zombie (Ossuary)
  4 hobgoblin zombies (Ossuary)
  5 kobold zombies (Ossuary)
  3 orc skeletons (D:4)
  2 orc zombies (Ossuary)
  5 rats
124 creatures vanquished.

Vanquished Creatures (collateral kills)
  A mummy (Ossuary)
1 creature vanquished.

Grand Total: 125 creatures vanquished

Notes
Turn   | Place    | Note
-------+----------+-------------------------------------------
     0 | D:1      | pokeman the Deep Elf Hedge Wizard began the quest for the
                  | Orb.
     0 | D:1      | Reached XP level 1. HP: 10/10 MP: 7/7
   412 | D:1      | Reached XP level 2. HP: 15/15 MP: 7/9
   738 | D:1      | You fall into a shaft and drop 1 floor!
   738 | D:2      | Found a blossoming altar of Fedhas.
   749 | D:2      | Reached skill level 5 in Spellcasting
   882 | D:1      | Reached XP level 3. HP: 17/20 MP: 9/11
  1300 | D:2      | Reached skill level 1 in Fighting
  1446 | D:2      | Reached skill level 1 in Armour
  1667 | D:2      | Reached XP level 4. HP: 16/25 MP: 3/13
  1671 | D:2      | Learned a level 3 spell: Mephitic Cloud
  1674 | D:2      | Learned a level 2 spell: Call Imp
  1677 | D:2      | Learned a level 2 spell: Blink
  2173 | D:3      | Found a stormy altar of Qazlal.
  2438 | D:3      | Found an opulent altar of Gozag.
  2770 | D:3      | Reached skill level 6 in Spellcasting
  2770 | D:3      | Reached XP level 5. HP: 29/29 MP: 3/15
  3319 | D:4      | Found a sand-covered staircase.
  3337 | D:4      | HP: 1/29 [elf skeleton (4)]
  3339 | D:4      | Reached skill level 1 in Ice Magic
  3339 | D:4      | Reached skill level 1 in Air Magic
  3339 | D:4      | Reached XP level 6. HP: 1/34 MP: 5/17
  3469 | Ossuary  | Entered an ossuary
  3772 | Ossuary  | Reached skill level 7 in Spellcasting
  3772 | Ossuary  | Reached skill level 1 in Poison Magic
  3772 | Ossuary  | Reached skill level 1 in Evocations
  4161 | Ossuary  | Reached XP level 7. HP: 37/38 MP: 6/20
  4598 | D:4      | Reached skill level 8 in Spellcasting
  5005 | D:4      | Found a glowing golden altar of the Shining One.
  5253 | D:5      | Entered Level 5 of the Dungeon
  5354 | D:5      | Found a sacrificial altar of Ru.
  5462 | D:5      | Reached skill level 9 in Spellcasting
  5462 | D:5      | Reached XP level 8. HP: 37/44 MP: 19/23
  5581 | D:5      | Found a blossoming altar of Fedhas.
  5618 | D:5      | Identified the +4 long sword of Ignis's Generosity {venom,
                  | rCorr}
  5835 | D:4      | Upgraded the game from 0.31-a0-233-g139696dc86 to
                  | 0.31-a0-236-g9a0961fb85
  5906 | D:5      | HP: 2/44 [water moccasin (8)]
  5906 | D:5      | Slain by a water moccasin

Illustrated notes

Levels and vault maps discovered:
D:1:      minmay_arrival_plants_in_alcoves, layout_loops_cross
D:2:      layout_rooms, basic_altar
D:3:      layout_loops_cross, grunt_qazlal_clouds, mainiacjoe_overflow_brackets,
          minmay_box_of_dots
D:4:      layout_loops_ring, nicolae_tso_carved_into_rock,
          nicolae_ossuary_entry_catacombs, hangedman_abyss_or_decor_stabs
D:5:      layout_gridville, nicolae_ru_great_annihilating_truth, fedhas_altar_2,
          minmay_manual_maat
D:6:      kennysheep_windowed_halls, layout_layer_cave, old_standard_altar,
          slow_altar_1, amcnicky_altar_gilded,
          beargit_hepliaklqana_dungeon_heroes, old_standard_altar,
          minmay_temple_entry_proselytizer, ebering_ghost_gozag

Skill      XL: |  1  2  3  4  5  6  7 |
---------------+----------------------+-----
Spellcasting   | 5 6 7 9 |  9.2
Fighting       | 1 2 |  2.0
Conjurations   | 2 3 4 |  4.7
Armour         | 1 |  1.9
Dodging        | 3 |  3.0
Stealth        | 3 |  3.0
Ice Magic      | 1 3 |  3.4
Air Magic      | 1 |  1.1
Poison Magic   | 1 |  1.0
Evocations     | 1 |  1.0
Summonings     | |  1.1
Translocations | |  1.1

Action                     |  1- 3 |  4- 6 |  7- 9 || total
---------------------------+-------+-------+-------++-------
  Melee: Dagger            |    39 |       |       ||    39
         Short sword       |     7 |    61 |    50 ||   118
         Long sword        |       |       |     3 ||     3
   Cast: Magic Dart        |    93 |   163 |    71 ||   327
         Mephitic Cloud    |       |     2 |     9 ||    11
         Call Imp          |       |     4 |     3 ||     7
         Blink             |       |       |     1 ||     1
   Stab: Sleeping          |     1 |     3 |     2 ||     6
         Confused          |       |     2 |     4 ||     6
         Distracted        |       |     1 |       ||     1
 Armour: Robe              |    15 |    17 |    11 ||    43
  Dodge: Dodged            |    44 |    75 |    49 ||   168

Table legend: (Time is in decaauts)
 A = Elapsed time spent in this place.
 B = Non-inter-level travel time spent in this place.
 C = Inter-level travel time spent in this place.
 D = Time resting spent in this place.
 E = Time spent auto-exploring this place.
 F = Levels seen in this place.
 G = Mean time per level.
                   A        B        C        D        E       F      G
               +--------+--------+--------+--------+--------+-----+--------+
         Total |   5907 |   5713 |    194 |    265 |   4431 |   7 |  843.9 |
       Dungeon |   4969 |   4775 |    194 |    157 |   3775 |   6 |  828.2 |
       Ossuary |    938 |    938 |      0 |    108 |    656 |   1 |  938.0 |
               +--------+--------+--------+--------+--------+-----+--------+

Top non-repeatable levels by time:
     D:4: 1265 daAuts
     D:1: 1099 daAuts
     D:2: 1068 daAuts
     D:3: 964 daAuts
 Ossuary: 938 daAuts
     D:5: 566 daAuts
     D:6: 3 daAuts
